 Dungeon Crawl Stone Soup version 0.21.1-1-g345015f (webtiles) character file.

302 Hebeh the Shield-Bearer (level 6, -7/57 HPs)
             Began as a Deep Dwarf Fighter on June 17, 2018.
             Was a Follower of Makhleb.
             Mangled by Menkaure (17 damage)
             ... on level 4 of the Dungeon.
             The game lasted 00:11:41 (2814 turns).

Hebeh the Shield-Bearer (Deep Dwarf Fighter)        Turns: 2814, Time: 00:11:42

Health: -7/57      AC:  8    Str: 22    XL:     6   Next: 14%
Magic:  5/5        EV:  7    Int:  8    God:    Makhleb [*.....]
Gold:   140        SH: 10    Dex: 12    Spells: 5/5 levels left

rFire    x . .     SeeInvis .   a - +0 war axe
rCold    + . .     Gourm    .   c - +0 shield
rNeg     . . .     Faith    .   b - +0 scale mail
rPois    .         Spirit   .   (no helmet)
rElec    .         Reflect  .   e - +0 cloak
rCorr    .         Harm     .   (no gloves)
MR       .....                  (no boots)
Stlth    ..........             (no amulet)
HPRegen  0.00/turn              n - ring of ice
MPRegen  0.09/turn              (no ring)

@: non-regenerating
A: damage resistance, heal wounds, sense surroundings 1, no regeneration
a: Heal Wounds, Renounce Religion


You were on level 4 of the Dungeon.
You worshipped Makhleb.
Makhleb was aware of your devotion.
You were not hungry.

You visited 1 branch of the dungeon, and saw 4 of its levels.

You collected 140 gold pieces.

Inventory:

Hand Weapons
 a - a +0 war axe (weapon)
 x - a +4 hand axe
Armour
 b - a +0 scale mail (worn)
 c - a +0 shield (worn)
 e - a +0 cloak (worn)
 u - a +0 cloak
Jewellery
 n - a ring of ice (left hand)
 o - an uncursed ring of wizardry {unknown}
Wands
 p - a wand of flame (21)
 s - a wand of paralysis (12)
 w - a wand of iceblast (15)
Scrolls
 g - a scroll of fear
 i - 3 scrolls of identify
 q - a scroll of blinking
 r - 3 scrolls of remove curse
 v - 2 scrolls of enchant armour {unknown}
Potions
 d - 3 potions of might
 j - 3 potions of brilliance
 k - a potion of magic {unknown}
 l - a potion of degeneration {unknown}
 m - 4 potions of curing {unknown}
 t - 2 potions of haste {unknown}
Comestibles
 f - 7 rations
 h - 4 chunks of flesh


   Skills:
 + Level 3.9 Fighting
 + Level 4.0 Axes
 + Level 4.7 Armour
 + Level 4.7 Shields


You had 5 spell levels left.
You didn't know any spells.

Dungeon Overview and Level Annotations

Branches:
Dungeon (4/15)
 Temple: D:4-7

Altars:
Dithmenos
Gozag
Makhleb

Annotations:
D:4 Menkaure


Innate Abilities, Weirdness & Mutations

You are resistant to damage.
You can heal yourself by infusing magical energy.
You passively map a small area around you.
You do not regenerate.


Message History

You see here 16 stones.
There is an open door here.
Menkaure, Prince of Dust comes into view.
Menkaure shouts!
You hear a shout!
Menkaure calls on the powers of darkness!
Your body is wracked with pain!
You hit Menkaure.
Menkaure is lightly damaged.
Menkaure barely misses you.
You barely miss Menkaure.
Menkaure is lightly damaged.
You block Menkaure's attack.
You slash Menkaure!
Menkaure is moderately damaged.
Menkaure hits you!!
* * * LOW HITPOINT WARNING * * *
You slash Menkaure!
Menkaure is almost destroyed.
Menkaure hits you!!
You die...

#
#.##.....##...#.......#
#.#......##.[.'.......#
#......####...#.......#
, #########
#...##.....##
##)..###...###...## ,
,, ##.....##...# #####
, #.......#...# ** , ,
, #......('...# , *
#.......#..@# , , ,,
##.....##..M#,, , ,
##(.[###.....M..# #####
########## , , , , **,
** ** ,


You could see Menkaure.

Vanquished Creatures
  A phantom (D:4)
  An orc priest (D:3)
  2 worker ants (D:4)
  5 adders
  An ooze (D:2)
  2 dart slugs (D:1)
  A leopard gecko (D:4)
  5 orcs
  4 giant cockroaches
  6 goblins
  6 hobgoblins
  3 jackals (D:2)
  14 kobolds
  8 bats
  5 frilled lizards
  14 rats
  A bush (D:3)
  2 plants (D:3)
81 creatures vanquished.

Notes
Turn   | Place    | Note
-------+----------+-------------------------------------------
     0 | D:1      | Hebeh the Deep Dwarf Fighter began the quest for the Orb.
     0 | D:1      | Reached XP level 1. HP: 20/20 MP: 1/1
   242 | D:1      | Reached XP level 2. HP: 22/27 MP: 2/2
   617 | D:2      | Reached XP level 3. HP: 23/34 MP: 3/3
  1047 | D:2      | Found a shadowy altar of Dithmenos.
  1142 | D:2      | Found a burning altar of Makhleb.
  1159 | D:2      | Became a worshipper of Makhleb the Destroyer
  1394 | D:3      | Reached XP level 4. HP: 19/42 MP: 4/4
  1499 | D:3      | Found an opulent altar of Gozag.
  2033 | D:3      | Reached * piety under Makhleb
  2544 | D:4      | Reached XP level 5. HP: 41/49 MP: 4/4
  2688 | D:4      | Noticed a phantom
  2747 | D:4      | Killed a phantom
  2747 | D:4      | Reached XP level 6. HP: 49/57 MP: 5/5
  2805 | D:4      | Noticed Menkaure
  2814 | D:4      | Mangled by Menkaure

Skill      XL: |  1  2  3  4  5 |
---------------+----------------+-----
Fighting       | 3 |  3.9
Axes           | 3 4 |  4.0
Armour         | 4 |  4.7
Shields        | 4 |  4.7

Action                   |  1- 3 |  4- 6 || total
-------------------------+-------+-------++-------
Melee: War axe           |   106 |   172 ||   278
 Abil: Heal Wounds       |       |     2 ||     2
  Use: Scroll            |     6 |       ||     6
  Eat: Chunk             |     2 |     5 ||     7
Armor: Scale mail        |    52 |    62 ||   114
Dodge: Dodged            |    36 |    44 ||    80
Block: Shield            |    67 |    59 ||   126
